TOP OF THE 1ST |
Kenosha Kingfish batting - Pitching for Montgomery Grey Sox : RHP Michael Young
|
Pitching: RHP Michael Young
|
|
Batting: RHB Manuel Gómez
|
0-0: Ball 1-0: Called Strike 1-1: Ball 2-1: Foul Ball, location: 2F 2-2: Foul Ball, location: 2F 2-2: Strikes out looking
|
Batting: SHB Alfonso Escasán
|
0-0: Ball 1-0: Foul Ball, location: 2F 1-1: Foul Ball, location: 2F 1-2: Ball 2-2: Ball 3-2: Strikes out swinging
|
Batting: RHB Francisco Martínez
|
0-0: SINGLE (Line Drive, 34)
|
Batting: LHB Richard Brooks
|
0-0: Ball 1-0: Called Strike 1-1: Called Strike 1-2: Strikes out swinging
|
Top of the 1st over - 0 run(s), 1 hit(s), 0 error(s), 1 left on base; Kenosha 0 - Montgomery 0 |
BOTTOM OF THE 1ST |
Montgomery Grey Sox batting - Pitching for Kenosha Kingfish : RHP Kel Meyer
|
Pitching: RHP Kel Meyer
|
|
Batting: RHB José Montoya
|
0-0: Called Strike 0-1: Ground out 1-3 (Groundball, 15)
|
Batting: RHB Rusty Downy
|
0-0: Ball 1-0: Called Strike 1-1: Ball 2-1: Called Strike 2-2: Ground out 4-3 (Groundball, 4)
|
Batting: SHB Joe Pierce
|
0-0: Swinging Strike 0-1: Foul Ball, location: 2F 0-2: Ball 1-2: Fly out, F7 (Flyball, 78S)
|
Bottom of the 1st over - 0 run(s), 0 hit(s), 0 error(s), 0 left on base; Kenosha 0 - Montgomery 0 |
TOP OF THE 2ND |
Kenosha Kingfish batting - Pitching for Montgomery Grey Sox : RHP Michael Young
|
Batting: RHB Matt Rodríguez
|
0-0: Ball 1-0: Ball 2-0: Called Strike 2-1: Swinging Strike 2-2: Foul Ball, location: 2F 2-2: SINGLE (Flyball, 8RS)
|
Batting: SHB Júlio Valentín
|
0-0: Called Strike 0-1: Called Strike 0-2: Strikes out swinging
|
Batting: SHB Devin Smith
|
0-0: Called Strike 0-1: Ball 1-1: Foul Ball, location: 2F 1-2: Strikes out swinging
|
Batting: RHB Sergio Mata
|
0-0: Fly out, F8 (Flyball, 8LM)
|
Top of the 2nd over - 0 run(s), 1 hit(s), 0 error(s), 1 left on base; Kenosha 0 - Montgomery 0 |
BOTTOM OF THE 2ND |
Montgomery Grey Sox batting - Pitching for Kenosha Kingfish : RHP Kel Meyer
|
Batting: LHB Al Gaines
|
0-0: Ball 1-0: Foul Ball, location: 2F 1-1: Ball 2-1: SINGLE (Line Drive, 6MD)
|
Batting: RHB Bob Johnson
|
0-0: Ball 1-0: Called Strike 1-1: Called Strike Throwing error on steal attempt, E2 Al Gaines to third 1-2: Foul Ball, location: 2F 1-2: Fly out, F6 (Popup, 6MD)
|
Batting: SHB Hoyt Norris
|
0-0: SINGLE (Flyball, 7S) Al Gaines scores
|
Batting: RHB Dean Bailey
|
0-0: Called Strike 0-1: Grounds into double play, 5-4-3 (Groundball, 56)
|
Bottom of the 2nd over - 1 run(s), 2 hit(s), 1 error(s), 0 left on base; Kenosha 0 - Montgomery 1 |
TOP OF THE 3RD |
Kenosha Kingfish batting - Pitching for Montgomery Grey Sox : RHP Michael Young
|
Batting: RHB Tommy Davenport
|
0-0: Foul Ball, location: 2F 0-1: Ball 1-1: SINGLE (Groundball, 6D)
|
Batting: RHB Manuel Gómez
|
0-0: Called Strike 0-1: Fly out, F8 (Flyball, 8LS)
|
Batting: SHB Alfonso Escasán
|
0-0: Swinging Strike 0-1: Foul Ball, location: 2F 0-2: Fly out, F5 (Popup, 5F)
|
Batting: RHB Francisco Martínez
|
0-0: Ball 1-0: Ground out U3 (Groundball, 3)
|
Top of the 3rd over - 0 run(s), 1 hit(s), 0 error(s), 1 left on base; Kenosha 0 - Montgomery 1 |
BOTTOM OF THE 3RD |
Montgomery Grey Sox batting - Pitching for Kenosha Kingfish : RHP Kel Meyer
|
Batting: RHB José Carlos Caraballo
|
0-0: SINGLE (Flyball, 9S)
|
Batting: RHB Sergio Gonzáles
|
0-0: Ball 1-0: Ball 2-0: Called Strike 2-1: Foul Ball, location: 2F 2-2: Foul Ball, location: 2F 2-2: Ground out 5-3 (Groundball, 56S) José Carlos Caraballo to second
|
Batting: RHB José Montoya
|
0-0: Called Strike 0-1: Ball 1-1: Ball 2-1: Called Strike 2-2: Foul Ball, location: 2F 2-2: Ground out 5-3 (Groundball, 5S) José Carlos Caraballo to third
|
Batting: RHB Rusty Downy
|
0-0: Swinging Strike 0-1: Swinging Strike 0-2: Ball 1-2: Foul Ball, location: 2F 1-2: Ball 2-2: Ball 3-2: Fly out, F2 (Popup, 2LF)
|
Bottom of the 3rd over - 0 run(s), 1 hit(s), 0 error(s), 1 left on base; Kenosha 0 - Montgomery 1 |
TOP OF THE 4TH |
Kenosha Kingfish batting - Pitching for Montgomery Grey Sox : RHP Michael Young
|
Batting: LHB Richard Brooks
|
0-0: Ground out 4-3 (Groundball, 4M)
|
Batting: RHB Matt Rodríguez
|
0-0: Foul Ball, location: 2F 0-1: Swinging Strike 0-2: Strikes out swinging
|
Batting: SHB Júlio Valentín
|
0-0: Called Strike 0-1: Ball 1-1: Foul Ball, location: 2F 1-2: Foul Ball, location: 2F 1-2: Ball 2-2: Ball 3-2: Base on Balls
|
Batting: SHB Devin Smith
|
0-0: Ball 1-0: Swinging Strike 1-1: Ball 2-1: Called Strike 2-2: Strikes out swinging
|
Top of the 4th over - 0 run(s), 0 hit(s), 0 error(s), 1 left on base; Kenosha 0 - Montgomery 1 |
BOTTOM OF THE 4TH |
Montgomery Grey Sox batting - Pitching for Kenosha Kingfish : RHP Kel Meyer
|
Batting: SHB Joe Pierce
|
0-0: Foul Ball, location: 2F 0-1: Called Strike 0-2: Strikes out looking
|
Batting: LHB Al Gaines
|
0-0: Ball 1-0: Ball 2-0: SINGLE (Groundball, 4M)
|
Batting: RHB Bob Johnson
|
0-0: Called Strike 0-1: Fielders Choice at 2nd, 6-4 (Groundball, 56)
|
Batting: SHB Hoyt Norris
|
0-0: Ball 1-0: Called Strike 1-1: Ball 2-1: Ball 3-1: Base on Balls Bob Johnson to second
|
Batting: RHB Dean Bailey
|
0-0: Swinging Strike 0-1: Called Strike 0-2: Ball 1-2: Ball 2-2: Ball 3-2: Base on Balls Bob Johnson to third Hoyt Norris to second
|
Batting: RHB José Carlos Caraballo
|
0-0: Ball 1-0: Fly out, F8 (Flyball, 8LM)
|
Bottom of the 4th over - 0 run(s), 1 hit(s), 0 error(s), 3 left on base; Kenosha 0 - Montgomery 1 |
TOP OF THE 5TH |
Kenosha Kingfish batting - Pitching for Montgomery Grey Sox : RHP Michael Young
|
Batting: RHB Sergio Mata
|
0-0: Swinging Strike 0-1: Swinging Strike 0-2: Ball 1-2: Strikes out swinging
|
Batting: RHB Tommy Davenport
|
0-0: SINGLE (Line Drive, 89S)
|
Batting: RHB Manuel Gómez
|
0-0: Fly out, F9 (Flyball, 89M)
|
Batting: SHB Alfonso Escasán
|
0-0: Fly out, F7 (Flyball, 7LM)
|
Top of the 5th over - 0 run(s), 1 hit(s), 0 error(s), 1 left on base; Kenosha 0 - Montgomery 1 |
BOTTOM OF THE 5TH |
Montgomery Grey Sox batting - Pitching for Kenosha Kingfish : RHP Kel Meyer
|
Batting: RHB Sergio Gonzáles
|
0-0: Ball 1-0: Called Strike 1-1: Ball 2-1: Ground out 6-3 (Groundball, 6)
|
Batting: RHB José Montoya
|
0-0: Swinging Strike 0-1: Ball 1-1: Ball 2-1: Ground out 6-3 (Groundball, 6M)
|
Batting: RHB Rusty Downy
|
0-0: Called Strike 0-1: Ball 1-1: Ball 2-1: Ball 3-1: Called Strike 3-2: Strikes out swinging
|
Bottom of the 5th over - 0 run(s), 0 hit(s), 0 error(s), 0 left on base; Kenosha 0 - Montgomery 1 |
TOP OF THE 6TH |
Kenosha Kingfish batting - Pitching for Montgomery Grey Sox : RHP Michael Young
|
Batting: RHB Francisco Martínez
|
0-0: Ball 1-0: Ball 2-0: Swinging Strike 2-1: Ground out 3-1 (Groundball, 3)
|
Batting: LHB Richard Brooks
|
0-0: Ball 1-0: Ball 2-0: Called Strike 2-1: Ball 3-1: Foul Ball, location: 2F 3-2: Base on Balls
|
Batting: RHB Matt Rodríguez
|
0-0: Ball Richard Brooks steals 2nd base 1-0: SINGLE (Groundball, 5) Richard Brooks to third Runner from 3rd tries for Home, SAFE, no throw or cutoff
|
Batting: SHB Júlio Valentín
|
0-0: Swinging Strike 0-1: Foul Ball, location: 2F 0-2: Strikes out swinging
|
Batting: SHB Devin Smith
|
0-0: Ball 1-0: Ball 2-0: Fielders Choice at 2nd, U6 (Groundball, 6M)
|
Top of the 6th over - 1 run(s), 1 hit(s), 0 error(s), 1 left on base; Kenosha 1 - Montgomery 1 |
BOTTOM OF THE 6TH |
Montgomery Grey Sox batting - Pitching for Kenosha Kingfish : RHP Kel Meyer
|
Batting: SHB Joe Pierce
|
0-0: Called Strike 0-1: Fly out, F9 (Flyball, 9LMF)
|
Batting: LHB Al Gaines
|
0-0: Ball 1-0: Ball 2-0: Called Strike 2-1: Ball 3-1: SINGLE (Line Drive, 34)
|
Pitching: RHP Paul Pothecary
|
|
Batting: RHB Bob Johnson
|
0-0: Called Strike 0-1: Ball 1-1: DOUBLE (Flyball, 89D) Al Gaines to third
|
Batting: SHB Hoyt Norris
|
0-0: Called Strike 0-1: Swinging Strike 0-2: Ball 1-2: Ball 2-2: Strikes out swinging
|
Batting: RHB Dean Bailey
|
0-0: Called Strike 0-1: Fly out, F3 (Popup, 3F)
|
Bottom of the 6th over - 0 run(s), 2 hit(s), 0 error(s), 2 left on base; Kenosha 1 - Montgomery 1 |
TOP OF THE 7TH |
Kenosha Kingfish batting - Pitching for Montgomery Grey Sox : RHP Michael Young
|
Batting: RHB Sergio Mata
|
0-0: Called Strike 0-1: Fly out, F7 (Flyball, 7S)
|
Pinch Hitting: RHB Esteban Ayala
|
0-0: Ball 1-0: Swinging Strike 1-1: Ball 2-1: Foul Ball, location: 2F 2-2: Foul Ball, location: 2F 2-2: Foul Ball, location: 2F 2-2: Strikes out swinging
|
Batting: RHB Manuel Gómez
|
0-0: Ball 1-0: Ball 2-0: Ball 3-0: Called Strike 3-1: Fly out, F8 (Flyball, 8LM)
|
Top of the 7th over - 0 run(s), 0 hit(s), 0 error(s), 0 left on base; Kenosha 1 - Montgomery 1 |
BOTTOM OF THE 7TH |
Montgomery Grey Sox batting - Pitching for Kenosha Kingfish : RHP Paul Pothecary
|
Now in LF: Esteban Ayala
|
|
Batting: RHB José Carlos Caraballo
|
0-0: Swinging Strike 0-1: Called Strike 0-2: Foul Ball, location: 2F 0-2: Foul Ball, location: 2F 0-2: Ball 1-2: Foul Ball, location: 2F 1-2: Ball 2-2: Ball 3-2: TRIPLE (Groundball, 3L)
|
Pinch Hitting: SHB Marvin López
|
0-0: Intentional Walk
|
Pinch Hitting: LHB Bob Jones
|
0-0: Ball 1-0: Called Strike 1-1: Ball 2-1: Ball 3-1: Base on Balls Marvin López to second
|
Pitching: LHP Flint Williams
|
|
Batting: RHB Rusty Downy
|
0-0: Foul Ball, location: 2F 0-1: Called Strike 0-2: Strikes out swinging
|
Batting: SHB Joe Pierce
|
0-0: Ball 1-0: Ball 2-0: Ball 3-0: Called Strike 3-1: Called Strike 3-2: Foul Ball, location: 2F 3-2: Foul Ball, location: 2F 3-2: Strikes out swinging
|
Batting: LHB Al Gaines
|
0-0: Called Strike 0-1: Foul Ball, location: 2F 0-2: Ball 1-2: Strikes out looking
|
Bottom of the 7th over - 0 run(s), 1 hit(s), 0 error(s), 3 left on base; Kenosha 1 - Montgomery 1 |
TOP OF THE 8TH |
Kenosha Kingfish batting - Pitching for Montgomery Grey Sox : RHP Michael Young
|
Pitching: RHP Steven Browne
|
|
Now at 1B: Marvin López
|
|
Now at SS: Félix Cruz
|
|
Batting: SHB Alfonso Escasán
|
0-0: Foul Ball, location: 2F 0-1: Swinging Strike 0-2: Strikes out looking
|
Batting: RHB Francisco Martínez
|
0-0: Ball 1-0: Ball 2-0: Ball 3-0: Base on Balls
|
Pitching: LHP Lee González
|
|
Pinch Hitting: LHB Miguel Flores
|
0-0: Foul Ball, location: 2F 0-1: Ball 1-1: Ball 2-1: Ball 3-1: Base on Balls Francisco Martínez to second
|
Pitching: RHP Brian Barker
|
|
Batting: RHB Matt Rodríguez
|
0-0: Ball 1-0: Swinging Strike 1-1: Swinging Strike 1-2: Foul Ball, location: 2F 1-2: Strikes out swinging
|
Batting: SHB Júlio Valentín
|
0-0: Ball 1-0: Swinging Strike 1-1: Ball 2-1: Foul Ball, location: 2F 2-2: Strikes out swinging
|
Top of the 8th over - 0 run(s), 0 hit(s), 0 error(s), 2 left on base; Kenosha 1 - Montgomery 1 |
BOTTOM OF THE 8TH |
Montgomery Grey Sox batting - Pitching for Kenosha Kingfish : LHP Flint Williams
|
Now in RF: Miguel Flores
|
|
Batting: RHB Bob Johnson
|
0-0: Ball 1-0: Foul Ball, location: 2F 1-1: Ball 2-1: Called Strike 2-2: Foul Ball, location: 2F 2-2: Ball 3-2: Strikes out looking
|
Pinch Hitting: RHB Bryant von Bohlen
|
0-0: Ball 1-0: Foul Ball, location: 2F 1-1: Swinging Strike 1-2: Strikes out swinging
|
Batting: RHB Dean Bailey
|
0-0: Ball 1-0: Ball 2-0: Ball 3-0: Called Strike 3-1: Base on Balls
|
Batting: RHB José Carlos Caraballo
|
0-0: Called Strike 0-1: Ball 1-1: Called Strike 1-2: SINGLE (Groundball, 25) (infield hit) Dean Bailey to second
|
Batting: SHB Marvin López
|
0-0: Ball 1-0: Fly out, F9 (Flyball, 9M)
|
Bottom of the 8th over - 0 run(s), 1 hit(s), 0 error(s), 2 left on base; Kenosha 1 - Montgomery 1 |
TOP OF THE 9TH |
Kenosha Kingfish batting - Pitching for Montgomery Grey Sox : RHP Brian Barker
|
Pitching: RHP Clancy Steele
|
|
Now in LF: Frederick Curtis
|
|
Batting: SHB Devin Smith
|
0-0: Called Strike 0-1: Foul Ball, location: 2F 0-2: Ball 1-2: Ball 2-2: Ball 3-2: Ground out 6-3 (Groundball, 6M)
|
Pinch Hitting: LHB Davey Casey
|
0-0: Ball 1-0: Ball 2-0: Ball 3-0: Base on Balls
|
Batting: RHB Esteban Ayala
|
0-0: Called Strike 0-1: Ball 1-1: Foul Ball, location: 2F 1-2: Ball 2-2: SINGLE (Groundball, 6MD) Davey Casey to second
|
Batting: RHB Manuel Gómez
|
0-0: Called Strike 0-1: Foul Ball, location: 2F 0-2: Ground out 5-3 (Groundball, 56) Davey Casey to third Esteban Ayala to second
|
Batting: SHB Alfonso Escasán
|
0-0: Ball 1-0: Ball 2-0: Called Strike 2-1: Ball 3-1: Swinging Strike 3-2: Strikes out swinging
|
Top of the 9th over - 0 run(s), 1 hit(s), 0 error(s), 2 left on base; Kenosha 1 - Montgomery 1 |
BOTTOM OF THE 9TH |
Montgomery Grey Sox batting - Pitching for Kenosha Kingfish : LHP Flint Williams
|
Pitching: RHP Edwin Manning
|
|
Now at 1B: Doug Lutz
|
|
Pinch Hitting: LHB Alberto Santos
|
0-0: Called Strike 0-1: Foul Ball, location: 2F 0-2: Ball 1-2: Ball 2-2: Ball 3-2: Foul Ball, location: 2F 3-2: Foul Ball, location: 2F 3-2: Foul Ball, location: 2F 3-2: Ground out 4-3 (Groundball, 34)
|
Batting: RHB Rusty Downy
|
0-0: Ball 1-0: Called Strike 1-1: Foul Ball, location: 2F 1-2: Foul Ball, location: 2F 1-2: Foul Ball, location: 2F 1-2: Ball 2-2: Strikes out swinging
|
Batting: SHB Joe Pierce
|
0-0: Swinging Strike 0-1: Foul Ball, location: 2F 0-2: Ball 1-2: Strikes out looking
|
Bottom of the 9th over - 0 run(s), 0 hit(s), 0 error(s), 0 left on base; Kenosha 1 - Montgomery 1 |
TOP OF THE 10TH |
Kenosha Kingfish batting - Pitching for Montgomery Grey Sox : RHP Clancy Steele
|
Now at SS: António Nevárez
|
|
Batting: RHB Francisco Martínez
|
0-0: Ball 1-0: Ground out 5-3 (Groundball, 56S)
|
Batting: LHB Miguel Flores
|
0-0: Called Strike 0-1: Foul Ball, location: 2F 0-2: Foul Ball, location: 2F 0-2: Ball 1-2: Ball 2-2: Strikes out looking
|
Batting: RHB Matt Rodríguez
|
0-0: Called Strike 0-1: Foul Ball, location: 2F 0-2: Strikes out looking
|
Top of the 10th over - 0 run(s), 0 hit(s), 0 error(s), 0 left on base; Kenosha 1 - Montgomery 1 |
BOTTOM OF THE 10TH |
Montgomery Grey Sox batting - Pitching for Kenosha Kingfish : RHP Edwin Manning
|
Batting: LHB Al Gaines
|
0-0: Ball 1-0: Ball 2-0: Foul Ball, location: 2F 2-1: Ground out 4-3 (Groundball, 4)
|
Batting: RHB Bob Johnson
|
0-0: Ball 1-0: TRIPLE (Flyball, 9LM)
|
Pinch Hitting: RHB Dave Roberts
|
0-0: Intentional Walk
|
Batting: RHB Dean Bailey
|
0-0: Called Strike 0-1: Foul Ball, location: 2F 0-2: Ball 1-2: Foul Ball, location: 2F 1-2: Ball 2-2: Foul Ball, location: 2F 2-2: Ball 3-2: Fly out, F9 (Flyball, 9LM) Runner from 3rd tags up, SCORES, throw made
|
Monday, December 5th, 2016 - OOTP Baseball 17.12 Build 75
|
|